 Dungeon Crawl Stone Soup version 0.21.1-1-g345015f (webtiles) character file.

45 diana the Slasher (level 3, -2/21 HPs)
             Began as a Tengu Gladiator on June 10, 2018.
             Slain by a gnoll
             ... wielding a +0 flail
              (13 damage)
             ... on level 1 of the Dungeon.
             The game lasted 00:02:50 (1437 turns).

diana the Slasher (Tengu Gladiator)                 Turns: 1437, Time: 00:02:50

Health: -2/21      AC:  3    Str: 14    XL:     3   Next: 64%
Magic:  4/4        EV: 14    Int:  8    God:
Gold:   72         SH:  0    Dex: 16    Spells: 2/2 levels left

rFire    . . .     SeeInvis .   a - +0 long sword
rCold    . . .     Gourm    .   (no shield)
rNeg     . . .     Faith    .   b - +0 leather armour
rPois    .         Spirit   .   c - +0 hat
rElec    .         Reflect  .   (no cloak)
rCorr    .         Harm     .   (no gloves)
MR       .....                  (boots unavailable)
Stlth    +.........             (no amulet)
HPRegen  0.07/turn              (no ring)
MPRegen  0.09/turn              (no ring)

@: no status effects
A: beak, talons 3
a: no special abilities


You were on level 1 of the Dungeon.
You were near starving.

You visited 1 branch of the dungeon, and saw 2 of its levels.

You collected 72 gold pieces.

Inventory:

Hand Weapons
 a - a +0 long sword (weapon)
Missiles
 d - 3 throwing nets (quivered)
Armour
 b - a +0 leather armour (worn)
 c - a +0 hat (worn)
Jewellery
 g - a +5 ring of evasion {unknown}
 k - an uncursed amulet of harm {unknown}
Scrolls
 h - 2 scrolls of random uselessness {unknown}
 i - 2 scrolls of teleportation {unknown}
 j - a scroll of immolation {unknown}
 m - 2 scrolls of remove curse {unknown}
 n - a scroll of noise {unknown}
Potions
 e - a potion of lignification {unknown}
 l - a potion of heal wounds {unknown}
 o - a potion of might {unknown}
Comestibles
 f - 4 rations


   Skills:
 - Level 2.0 Fighting
 + Level 4.2 Long Blades
 - Level 2.0 Throwing
 + Level 4.2 Dodging


You had 2 spell levels left.
You didn't know any spells.

Dungeon Overview and Level Annotations

Branches:
Dungeon (2/15)

Altars:


Innate Abilities, Weirdness & Mutations

You have a beak for a mouth.
You have claws for feet.


Message History

The ooze misses you.
You riposte.
You hit the ooze. You peck the ooze.
The ooze is severely wounded.
A gnoll comes into view. It is wielding a whip of flaming.
The gnoll shouts!
You slash the ooze!
You kill the ooze!
You are near starving!
The gnoll throws a throwing net.
The throwing net misses you.
There is a stone staircase leading up here.
You see here a throwing net.
The gnoll completely misses you.
You riposte.
You hit the gnoll. You claw the gnoll. Your peck misses the gnoll.
The gnoll is heavily wounded.
You climb upwards.
There is a stone staircase leading down here.
You barely miss the gnoll. You claw the gnoll.
The gnoll is severely wounded.
The gnoll hits you with a flail!
Ouch! That really hurt!
You die...

....###'#'##.#...≈≈≈≈...........≈
....#........#≈≈≈≈≈≈≈≈.......<...
....#.......##≈≈≈≈≈..≈≈≈≈.......#
....#.......##........≈≈≈≈≈≈≈####
....'...................≈≈≈≈≈≈≈≈#
..###...................#########
..........#####........#...######
###############.#................
................@g####.#.#.#####.
##.......##.#.#....# #...........
##........#.#...#..#############.
##........#.#.................##.
..........#)###.#############.##.
##.........).........# #.##)
#.........##########.# #.##.
#....##.#..........#.# #.#..
#....##.#########.##.# #.#..


You could see a gnoll.

Vanquished Creatures
  A gnoll (D:2)
  2 oozes
  A dart slug (D:1)
  3 bats (D:1)
  A giant cockroach (D:2)
  2 hobgoblins (D:1)
  A frilled lizard (D:2)
  3 goblins (D:1)
  6 kobolds
  4 rats (D:1)
24 creatures vanquished.

Notes
Turn   | Place    | Note
-------+----------+-------------------------------------------
     0 | D:1      | diana the Tengu Gladiator began the quest for the Orb.
     0 | D:1      | Reached XP level 1. HP: 12/12 MP: 2/2
   120 | D:1      | Reached XP level 2. HP: 12/17 MP: 3/3
   713 | D:1      | Reached XP level 3. HP: 16/21 MP: 4/4
  1437 | D:1      | Slain by a gnoll

Skill      XL: |  1  2  3 |
---------------+----------+-----
Long Blades    | 4 |  4.2
Dodging        | 4 |  4.2
Fighting       | |  2.0
Throwing       | |  2.0

Action                   || total
-------------------------++-------
Melee: Long sword        ||    46
       Peck              ||    11
       Kick              ||    12
Armor: Leather armour    ||     9
Dodge: Dodged            ||    32
       Rpst.: Long sword ||     9
